[Event "CCT Airthings Masters Play-In 2023"]
[Site "Online"]
[Date "2023.02.03"]
[Round "5"]
[White "GHANDEEVAM"]
[Black "BillieKimbah"]
[Result "1-0"]
[ECO "D36"]
[WhiteElo "2708"]
[BlackElo "2601"]
[Annotator "TA"]
[PlyCount "83"]
[EventDate "2023.02.03"]
[EventType "swiss"]
[EventCountry "NET"]
[SourceTitle "playchess.com"]
[Source "ChessBase"]
[SourceQuality "1"]
[TimeControl "600+2"]

1. d4 Nf6 2. c4 e6 3. Nc3 d5 4. cxd5 exd5 5. Bg5 c6 6. e3 h6 7. Bh4 Be7 8. Bd3 O-O 9. Qc2 Re8 10. Nge2 Nbd7 11. f3 b5 {[%emt 0:00:20] is more profitable than 11...c5 at the moment. D36: Queen's Gambit Declined: Exchange Variation: Main line (5 Bg5 c6 6 Qc2).} 12. O-O Bb7 13. Rad1 {[%emt 0:00:07] [#]} Rc8 $146 {[%emt 0:00:22] White has an edge.} ({Predecessor:} 13... b4 14. Na4 c5 15. dxc5 Bc6 16. Nd4 Bxa4 17. Qxa4 Nxc5 18. Qc2 Nxd3 19. Qxd3 Bc5 20. Rc1 Rc8 21. Rfd1 a5 22. Kh1 Bxd4 23. Qxd4 Qe7 24. Rxc8 Rxc8 25. Bxf6 {½-½ Korshunov,S (2351)-Rivas Maceda,J (2397) WLS/SRCCC/21/D1 2021 [3]}) 14. Bf5 b4 15. Na4 Nh5 ({Black should try} 15... Ra8 $14) 16. Bxe7 $16 Qxe7 17. e4 dxe4 18. fxe4 Rcd8 19. Bxd7 Rxd7 20. Nc5 Rdd8 21. Qb3 Bc8 22. Qxb4 Bg4 23. Rd2 Nf6 (23... Bxe2 $14 24. Rxe2 Qd6) 24. Ng3 Nd7 25. Rdf2 {[%emt 0:00:23] [#] Strongly threatening Rxf7. White has more active pieces.} Rf8 ({Black should play} 25... Be6) 26. Nd3 {[%emt 0:00:08] A dynamic duo of knights.} Qg5 (26... Qxb4 $16 {keeps fighting.} 27. Nxb4 Nb8) 27. Qc3 Rc8 (27... Be6 {was necessary.} 28. Nf4 (28. Qxc6 Rc8 $18) 28... Nf6 29. Nxe6 (29. Qxc6 Bc8 $18) 29... fxe6 30. Qxc6 Rfe8) 28. b4 Qe3 29. Re1 Qg5 30. Nc5 (30. a3 $18) 30... Nxc5 31. Qxc5 Qxc5 32. bxc5 Rfd8 33. Rd2 Rd7 34. Rb1 Rcd8 35. Rb4 h5 36. Kf2 h4 37. Ne2 f5 38. d5 {[%emt 0:01:02][%cal Bd4d5,Bd5d6][%mdl 32] d6 is the strong threat.} fxe4 (38... Bxe2 $142 39. Kxe2 (39. Rxe2 cxd5 40. exf5 {[%mdl 64] Discovered Attack} Rf8 $16) 39... cxd5) 39. d6 $18 {[%emt 0:00:01] Hoping for Nd4.} (39. Rxe4 Bxe2 40. Kxe2 Rxd5 41. Rxd5 Rxd5 $11) 39... Rf7+ 40. Ke3 {[%emt 0:00:17] [#] And now Nd4 would win.} Rf5 41. Rc4 {[%emt 0:00:47] Nd4 would be deadly.} (41. Kxe4 $2 {loses.} Re8+ 42. Kd4 (42. Kd3 $2 Bxe2+ 43. Kc3 Rxc5+ 44. Kb3 Rd5 $19) 42... Bxe2 $19) (41. Rxe4 $6 Bxe2 42. Kxe2 Rxc5 $16) 41... h3 (41... Bxe2 $142 42. Rxe2 Kf7 43. Kxe4 (43. Rxe4 Rxc5 44. Rf2+ Kg8 $16) 43... Kf6) 42. Nd4 {[%emt 0:00:04] Weighted Error Value: White=0.17 (very precise) /Black=0.30} ({Not} 42. Rxe4 Bxe2 43. Rxe2 Rxc5 $11) 1-0

[Event "CCT Airthings Masters Play-In 2023"]
[Site "Online"]
[Date "2023.02.03"]
[Round "5"]
[White "mishanick"]
[Black "ChessLover"]
[Result "1-0"]
[ECO "E24"]
[WhiteElo "2704"]
[BlackElo "2594"]
[Annotator "TA"]
[PlyCount "73"]
[EventDate "2023.02.03"]
[EventType "swiss"]
[EventCountry "NET"]
[SourceTitle "playchess.com"]
[Source "ChessBase"]
[SourceQuality "1"]
[TimeControl "600+2"]

1. d4 Nf6 2. c4 e6 3. Nc3 Bb4 4. e3 O-O 5. Bd3 d5 6. a3 Bxc3+ 7. bxc3 c5 8. cxd5 exd5 9. Ne2 Re8 10. O-O Nc6 {[%emt 0:00:30] 10...b6 is the modern continuation.} 11. f3 Na5 12. g4 $5 {[%emt 0:01:05][%mdl 4] [#] Leaves trodden paths. E24: Nimzo-Indian: Sämisch: Unusual Black 5th moves and 5...c5 sidelines.} h5 $146 ({Predecessor:} 12... Nd7 13. Ng3 Nf8 14. Ra2 Bd7 15. e4 cxd4 16. cxd4 Qb6 17. Be3 Rac8 18. Bf2 Rc3 19. exd5 Rxd3 20. Qxd3 {½-½ Gabrielian,A (2464)-Godzwon,I (2352) Titled Tuesday intern op 04th Jan blitz 2022 (10)}) 13. g5 (13. dxc5 hxg4 14. Nd4 Nc4 15. Bxc4 dxc4 $17) (13. h3 $5 ) 13... Ne4 14. fxe4 {[%emt 0:01:23] White is better.} dxe4 (14... Qxg5+ $16 15. Kh1 (15. Ng3 c4 $14) 15... dxe4) 15. Bb5 (15. g6 $18 fxg6 16. Bb5) 15... Qxg5+ $16 16. Ng3 Bg4 {[%emt 0:00:03] [#]} 17. Be2 {[%emt 0:00:07] aiming for Bxg4.} Bxe2 18. Qxe2 g6 {[%emt 0:00:00] [#] Inhibits Rf5.} (18... Nb3 $16) 19. Qg2 $1 $18 Nc4 (19... h4 $142) 20. Rf4 Nd6 21. h4 Qd5 22. Bd2 Kh7 23. Raf1 f5 24. Ne2 Qa2 (24... Rg8 {keeps fighting.} 25. R4f2 Nf7) 25. Bc1 Nf7 26. R4f2 {[%emt 0:00:01] Threatens to win with Nf4.} (26. dxc5 $6 Ne5 $16) 26... Nh6 $2 (26... Qc4 27. Qg3 (27. Nf4 Rg8 $18) 27... Nh6 28. Qc7+ Qf7 29. Qxc5 Ng4) 27. Nf4 (27. dxc5 Ng4 28. Nf4 Qc4 $18) 27... Qg8 (27... Qf7 $142 28. Qg5 (28. dxc5 Rad8 $18) 28... Ng4) 28. Qg5 (28. dxc5 Rad8 29. Rb2 Rd7 $18) (28. Rb2 Re7 29. Qg5 (29. dxc5 Ng4 $18) 29... Qf7 $18) 28... Qf7 29. Rg2 ({Much less strong is} 29. dxc5 Ng4 30. Rd2 a5 31. Nxh5 Qe7 $18) 29... Rg8 30. d5 ({Weaker is} 30. dxc5 Rae8 31. c4 Qe7 $18) 30... c4 31. Ne6 {[%emt 0:00:02] Wards off Rad8} Rae8 32. Qf4 {[%emt 0:00:01] Black must now prevent Ng5+.} Qf6 (32... Rxe6 {was worth a try.} 33. dxe6 Qxe6) 33. Ng5+ {[%emt 0:00:02] White is clearly winning.} Kh8 (33... Kg7 $142 34. Qc7+ Nf7) 34. Qc7 Rg7 {[%emt 0:00:08] Prevents Qh7+} 35. Qxc4 Qd6 36. Qd4 Ng4 37. c4 {[%emt 0:00:02] Weighted Error Value: White=0.45/Black=0.70} (37. Nf7+ $142 Kh7 38. Nxd6) 1-0

[Event "CCT Airthings Masters Play-In 2023"]
[Site "Online"]
[Date "2023.02.03"]
[Round "5"]
[White "GukeshDommaraju"]
[Black "Nepomniachtchi, Ian"]
[Result "1/2-1/2"]
[ECO "D37"]
[WhiteElo "2702"]
[BlackElo "2793"]
[Annotator "TA"]
[PlyCount "95"]
[EventDate "2023.02.03"]
[EventType "swiss"]
[EventCountry "NET"]
[SourceTitle "playchess.com"]
[Source "ChessBase"]
[SourceQuality "1"]
[TimeControl "600+2"]

1. d4 Nf6 2. c4 e6 3. Nf3 d5 4. Nc3 Be7 5. Bf4 O-O 6. e3 Nbd7 7. c5 Nh5 8. Bd3 {[%emt 0:00:05] D37: Queen's Gambit Declined: 5 Bf4.} Nxf4 9. exf4 c6 10. O-O {[%emt 0:00:02] 10.Qc2 is not played anymore.} b6 11. b4 a5 12. a3 Qc7 {[%emt 0:00:06] 12...Ba6 is the hot move.} 13. g3 Ba6 14. Bxa6 Rxa6 15. Qe2 Rfa8 16. b5 cxb5 17. Nxb5 (17. Nxd5 $14 exd5 18. Qxe7) 17... Qc6 $11 {[%emt 0:00:08] The position is equal.} 18. cxb6 Rxb6 19. a4 {[%emt 0:00:04] Black must now prevent Rfc1.} Rc8 20. Na7 Qc2 {[%emt 0:01:29] [#]} 21. Qxc2 $146 ({Predecessor:} 21. Qe1 Rc4 22. Rc1 Qa2 23. Nc8 Bb4 24. Nxb6 Bxe1 25. Nxc4 dxc4 26. Rfxe1 h6 27. Ne5 {0-1 Iniyan,P (2468)-Muradli,M (2420) World ol U16 2018 (8.3)}) 21... Rxc2 22. Rfc1 Rbb2 23. Nc6 Rxf2 24. Nxe7+ {[%emt 0:00:03] A dynamic duo of knights.} Kf8 25. Nxd5 exd5 26. Rc8+ Ke7 27. Re1+ Kd6 28. Nh4 {[%emt 0:00:01][%cal Rh4f5] [#]} g6 {[%emt 0:00:15] Inhibits Nf5+.} 29. Ra8 Rxh2 30. Ra6+ Kc7 31. Rxa5 Rh3 32. Re3 (32. Rxd5 $2 {too greedy.} Rxg3+ 33. Kf1 Rh3 $19) 32... Nf6 {[%emt 0:00:12] ...Ng4 would be deadly.} 33. Ra7+ Kb6 34. Rxf7 Ne4 35. Rxh7 Rxg3+ (35... Nxg3 $2 36. Re6+ Ka5 37. Ra7+ (37. Rxg6 $2 Rh1#) 37... Kb4 38. Rb7+ (38. Nxg6 $2 Rh1#) 38... Kc3 39. Rc6+ Kd3 40. Rxb2 $18) 36. Rxg3 Nxg3 37. Nxg6 {[%emt 0:00:28][%mdl 4096] Endgame KRN-KRN} Ne2+ 38. Kf1 Nxd4 39. Ne7 Kc5 40. Rh5 Kc4 41. Nxd5 Ra2 42. Re5 Nf3 43. Re2 Nh2+ 44. Kf2 Ng4+ 45. Kf3 Nh2+ 46. Kf2 Ng4+ 47. Kf3 Nh2+ 48. Kf2 {[%emt 0:00:01] Weighted Error Value: White=0.02 (flawless) /Black=0.02 (flawless)} 1/2-1/2

[Event "CCT Airthings Masters Play-In 2023"]
[Site "Online"]
[Date "2023.02.03"]
[Round "5"]
[White "LiemLe"]
[Black "Andreikin, Dmitry"]
[Result "1/2-1/2"]
[ECO "E18"]
[WhiteElo "2687"]
[BlackElo "2729"]
[Annotator "TA"]
[PlyCount "165"]
[EventDate "2023.02.03"]
[EventType "swiss"]
[EventCountry "NET"]
[SourceTitle "playchess.com"]
[Source "ChessBase"]
[SourceQuality "1"]
[TimeControl "600+2"]

1. d4 Nf6 2. Nf3 e6 3. c4 b6 4. g3 Bb7 5. Bg2 Be7 6. O-O O-O 7. Nc3 Ne4 8. Bd2 {[%emt 0:00:01] is the new trend.} Bf6 9. Be1 {[%emt 0:00:06] E18: Queen's Indian: Old Main Line (4 g3 Bb7 5 Bg2 Be7 6 0-0 0-0 7 Nc3).} c5 10. Rc1 d6 11. Qd3 {[%emt 0:00:19] White has an edge.} Nxc3 12. Bxc3 {[%emt 0:00:00][%cal Of3g5] [#]} Nc6 $146 ({Predecessor:} 12... cxd4 13. Bxd4 Na6 14. Bxf6 Qxf6 15. Qd4 Bxf3 16. Qxf6 gxf6 17. Bxf3 Rab8 18. Rfd1 Rfd8 {1-0 Hampel,F (2201)-Markgraf,S (2132) Oberliga Nord W 1516 2015 (6.5)}) 13. d5 Nb4 14. Bxb4 cxb4 15. Qd2 a5 16. dxe6 fxe6 17. Rfd1 Rc8 18. Nd4 (18. Bh3 $16 Re8 19. Qxd6 Qxd6 20. Rxd6) 18... Bxg2 $11 19. Kxg2 ({Of course not} 19. Nxe6 Qe7 20. Nxf8 Bb7 21. Qxd6 (21. Nxh7 Kxh7 22. f3 Bg5 $15) 21... Qe4 $15) 19... Qd7 20. Qe3 (20. e4 $14) 20... Bxd4 (20... Rfe8 $11) 21. Rxd4 $14 Rc5 22. Rcd1 Qc6+ 23. Qe4 (23. Kg1 $16 d5 24. cxd5 Rxd5 25. Rxd5 exd5 26. Qb3) 23... Rc8 (23... Rd8 $11 {remains equal.}) 24. b3 $16 {[%emt 0:00:13] Threatens to win with Qxc6.} Qxe4+ 25. Rxe4 $14 {[%emt 0:00:00][%mdl 4096] Endgame KRR-KRR} d5 $1 26. Rxe6 dxc4 27. bxc4 ({Much weaker is} 27. Rxb6 c3 28. Rbd6 c2 $11) 27... Rxc4 28. Rxb6 Rc2 29. Rd7 Kh8 30. Ra7 Rxa2 31. Rxb4 {[%emt 0:00:05] Black must now prevent Re4.} Rxe2 ({Less strong is} 31... axb4 32. Rxa2 g5 33. Rb2 $16) 32. Rbb7 Rg8 33. Rxa5 h6 34. Rf7 {[%emt 0:00:19] Wards off Rf8} Ree8 35. Raf5 {[%emt 0:00:05] White is more active.} Kh7 36. h4 Re6 37. h5 Rge8 38. Ra7 R6e7 39. Raa5 Rd7 40. g4 Rc7 41. Kg3 Ree7 42. Ra8 {[%emt 0:00:22] [#] And now Rff8 would win.} Rf7 43. Rxf7 Rxf7 $16 {[%emt 0:00:01] KR-KR} 44. f4 Rb7 45. Ra6 Rb3+ 46. Kf2 (46. Kh4 $1 $14) 46... Rb4 $11 47. Ke3 Rb3+ 48. Ke2 Rb4 49. Kf3 Rb3+ 50. Kg2 Rb4 51. Kg3 ({White should try} 51. Rd6 $11) 51... Rb3+ $14 52. Kh4 $1 Rb4 {[%emt 0:00:02] [#]} 53. f5 $1 Rb3 54. f6 (54. Ra8 $16) 54... gxf6 55. Rxf6 Ra3 56. Rf2 Kg7 57. Rg2 Rb3 58. Rg3 Rb2 59. Rc3 Rb4 60. Rc7+ Kg8 61. Rc3 Kg7 62. Kg3 Ra4 63. Rc7+ Kg8 64. Re7 Rb4 65. Kf3 Ra4 66. Re4 Ra1 67. Kf4 Kf7 68. Rb4 Rf1+ 69. Ke5 Re1+ 70. Re4 Rxe4+ {[%emt 0:00:11] The position is equal.} 71. Kxe4 $11 {[%emt 0:00:00] White wants to mate with Kf5. KPP-KP} Ke6 72. Kd4 Kf6 73. Ke3 Ke7 74. Kd3 (74. Kd2 $5) 74... Kf6 75. Ke4 Ke6 76. Kf4 Kf6 $1 77. g5+ hxg5+ {[%emt 0:00:01] KP-KP} 78. Kg4 Kg7 79. Kxg5 Kh7 80. h6 Kh8 81. Kg6 Kg8 82. h7+ Kh8 83. Kh6 {[%emt 0:00:00] Weighted Error Value: White=0.12 (very precise) /Black=0.09 (flawless)} 1/2-1/2

[Event "CCT Airthings Masters Play-In 2023"]
[Site "Online"]
[Date "2023.02.03"]
[Round "5"]
[White "Sevian, Samuel"]
[Black "GadimbayliA"]
[Result "1-0"]
[ECO "C18"]
[WhiteElo "2687"]
[BlackElo "2597"]
[Annotator "TA"]
[PlyCount "97"]
[EventDate "2023.02.03"]
[EventType "swiss"]
[EventCountry "NET"]
[SourceTitle "playchess.com"]
[Source "ChessBase"]
[SourceQuality "1"]
[TimeControl "600+2"]

1. e4 e6 2. d4 d5 3. Nc3 Bb4 4. e5 c5 5. a3 Bxc3+ 6. bxc3 Ne7 7. Qg4 Qc7 8. Bd3 c4 9. Be2 Nf5 10. a4 {[%emt 0:00:17] Recently 10.h4 got a lot of attention. C18: French: 3 Nc3 Bb4: Main line: 7 h4 and 7 Qg4.} Qa5 11. Ra3 Nc6 12. Nf3 {[%emt 0:00:01] The position is equal.} Bd7 {[%emt 0:00:04] [#]} 13. Qh5 $146 (13. O-O $11) ({Predecessor:} 13. O-O Nce7 14. Nh4 O-O 15. Nxf5 Nxf5 16. Qh3 Ne7 17. Bg5 Rfe8 18. Rfa1 Ng6 19. Qg3 Rac8 20. h4 h6 21. Bc1 Rc6 22. Qg4 Kh7 23. h5 {½-½ Hernandez Fernandez,N (2251)-Dahlgren,J (2308) CUB-SWE email 2015 [4]}) 13... Ncxd4 14. Nxd4 Nxd4 15. Bd1 Nf5 16. O-O O-O (16... Bxa4 17. Bg4 $15) 17. Bg4 Ne7 (17... Bxa4 18. Bxf5 exf5 19. Be3 $15) 18. Bg5 Ng6 19. Be3 Rac8 20. f4 b5 (20... Bxa4 21. f5 exf5 22. Bxf5 $11) 21. f5 exf5 (21... Nxe5 $2 22. fxe6 Bxe6 23. Bxe6 $18 (23. Qxe5 Bxg4 24. Qg5 Be6 $11)) 22. Bxf5 Bxf5 (22... Nxe5 $2 23. Qxh7#) 23. Qxf5 b4 24. cxb4 Qxb4 25. Raa1 Qc3 (25... Rc7 $15) 26. Bxa7 $14 d4 27. Qe4 Rcd8 ({Better is} 27... d3 $14) 28. a5 {[%emt 0:00:31] Hoping for Bb6.} d3 29. cxd3 cxd3 30. Bb6 Rc8 (30... Ra8 $16) 31. Rfd1 (31. a6 $18) 31... Qxe5 32. Qxd3 Nf4 33. Qf3 Rc3 (33... Rc2 $16 {is a better defense.}) 34. Qf2 (34. Re1 $1 $18 Rxf3 35. Rxe5) 34... Qe4 (34... Rc6 $16 {was necessary.} 35. Kh1 Ne2) 35. Re1 $36 {[%emt 0:00:09][%mdl 2048] White is really pushing.} Qc4 {[%emt 0:00:08] [#] White must now prevent ...Rc2.} 36. Rf1 $2 (36. Qd4 $1 $18) 36... g5 37. Kh1 {[%emt 0:00:16] aiming for a6.} (37. a6 {is interesting.} Rc2 38. Qf3 Rxg2+ 39. Kh1) 37... Rc2 38. Qf3 {[%emt 0:00:02] And now a6 would win.} Rxg2 (38... Nxg2 39. Rg1 Nh4 40. Rxg5+ Ng6 41. Rc5 $18) 39. a6 Qc2 $2 {[%emt 0:00:01][%mdl 8192] This move loses the game for Black.} (39... Rb2 $14 40. Be3 Ng6) 40. Rf2 Rxf2 41. Bxf2 {[%emt 0:00:00] a7 would be deadly.} Nd3 $2 (41... Ne6 42. a7 Nc7) 42. Bg3 $2 (42. Bd4 {Strongly threatening a7.} Nf4 43. a7) 42... Qb2 {[%emt 0:00:08] Prevents a7.} (42... Qc3 $142 43. Rd1 Rd8) 43. Rd1 $18 Nc5 (43... Ne5 $142 44. Qd5 Ng4) 44. Qd5 $2 (44. a7 {Bd6 would kill now.} Ne6 45. Rf1) 44... Nxa6 45. Qxg5+ Qg7 46. Qe7 Qg6 {[%emt 0:00:02] [#]} (46... Qg4 $18 47. Rf1 Qe6) 47. Bd6 $1 {[%emt 0:00:20][%csl Gd6][%cal Re7f8] White mates.} Qe6 48. Rg1+ {[%emt 0:00:02][%mdl 64] Deflection} Kh8 49. Qxe6 {[%emt 0:00:01] An entertaining game by Sevian.   Weighted Error Value: White=0.44/Black=0.61} 1-0

[Event "CCT Airthings Masters Play-In 2023"]
[Site "Online"]
[Date "2023.02.03"]
[Round "5"]
[White "Baku_Boulevard"]
[Black "spicycaterpillar"]
[Result "1-0"]
[ECO "C77"]
[WhiteElo "2683"]
[BlackElo "2590"]
[Annotator "TA"]
[PlyCount "65"]
[EventDate "2023.02.03"]
[EventType "swiss"]
[EventCountry "NET"]
[SourceTitle "playchess.com"]
[Source "ChessBase"]
[SourceQuality "1"]
[TimeControl "600+2"]

1. e4 e5 2. Nf3 Nc6 3. Bb5 Nf6 4. Qe2 Bc5 5. c3 O-O 6. O-O Re8 7. d3 a6 8. Ba4 b5 {[%emt 0:00:06] C77: Ruy Lopez: 3...a6 4 Ba4 Nf6, unusual lines.} 9. Bb3 h6 10. Rd1 d6 {[%emt 0:00:34] The position is equal.} 11. Nbd2 Be6 12. Nf1 Bxb3 13. axb3 d5 14. b4 {[%emt 0:00:07] [#]} Bf8 $146 ({Predecessor:} 14... Bb6 15. Ng3 Qd7 16. Be3 d4 17. Bd2 a5 18. bxa5 Bxa5 19. cxd4 Bxd2 20. Rxa8 Rxa8 {1-0 Mamedov,R (2654)-Robson,R (2673) Chess24 Banter Blitz Cup Qual-C 2020 (2.2)}) 15. Ng3 Qd7 16. h3 a5 17. bxa5 Rxa5 18. Rxa5 Nxa5 19. Be3 c5 20. exd5 Nxd5 21. Nh4 Nc6 22. Nhf5 Kh7 23. Qf3 g6 {[%emt 0:00:19] [#]} (23... Qe6 $11 {keeps the balance.}) 24. Nd6 $1 $16 {[%emt 0:00:01][%mdl 576] Discovered Attack, Double Attack} Re6 {[%emt 0:02:11] Threatens to win with ...Nxe3.} (24... Qxd6 $2 25. Qxf7+ Bg7 26. Qxe8 $18) (24... Nxe3 $2 25. Nxe8 Qxe8 26. fxe3 $18) (24... e4 25. Ndxe4) 25. Bxc5 {[%emt 0:01:46] White is more active.} ({Stronger than} 25. Qxf7+ Qxf7 26. Nxf7 Nxe3 27. fxe3 Kg7 $15) (25. Nxb5 f5 $16) (25. Nxf7 Rf6 26. Ng5+ hxg5 $17) 25... Nf6 (25... Nc7 $16) 26. Nde4 $18 Bg7 27. Be3 Nxe4 28. Nxe4 {[%emt 0:00:11][%cal Bg3e4,Be4c5,Bc5a6][%mdl 32] Nc5 would be deadly.} ({But not} 28. Qxe4 f5 29. Nxf5 gxf5 30. Qxf5+ Kg8 $14) 28... Re8 (28... Qe8 {might work better.} 29. Nc5 Rf6) 29. Ra1 f5 30. Nc5 Qc7 31. Qd5 {[%emt 0:00:08] Hoping for Ne6.} Rd8 32. Qb3 {[%emt 0:00:09] aiming for Ne6.} Rb8 $2 (32... Qb8 33. Ra6 Rd6) 33. Na6 {[%emt 0:00:03][%csl LRb8,LRc7] Weighted Error Value: White=0.07 (flawless) /Black=0.25 (precise)} 1-0

[Event "CCT Airthings Masters Play-In 2023"]
[Site "Online"]
[Date "2023.02.03"]
[Round "5"]
[White "xxysoul6"]
[Black "exoticprincess"]
[Result "1-0"]
[ECO "B13"]
[WhiteElo "2680"]
[BlackElo "2640"]
[Annotator "TA"]
[PlyCount "89"]
[EventDate "2023.02.03"]
[EventType "swiss"]
[EventCountry "NET"]
[SourceTitle "playchess.com"]
[Source "ChessBase"]
[SourceQuality "1"]
[TimeControl "600+2"]

1. d4 d5 2. Nf3 Nf6 3. Bf4 c5 4. e3 cxd4 5. exd4 Nc6 6. c3 Bf5 7. Qb3 {[%emt 0:00:06] B13: Caro-Kann: Exchange Variation and Panov-Botvinnik Attack.} Qb6 (7... Qc8 $11 {keeps the balance.}) 8. Na3 $5 {[%emt 0:00:38][%mdl 4] An interesting side line.} Qxb3 9. axb3 {[%emt 0:00:02] [#] White is slightly better.} Nh5 $146 ({Predecessor:} 9... Rc8 10. b4 h6 11. Ne5 Nxe5 12. Bxe5 e6 13. Bb5+ Nd7 14. O-O f6 15. Bg3 Be7 {1-0 Schulz,H (2053)-Wortmann,D (1981) Ruhrgebiet Verbandsliga Gruppe 2 1516 2015 (2.2)}) 10. Be3 a6 {[%emt 0:00:14] Wards off Nb5} 11. Be2 Nf6 12. Ne5 Nxe5 13. dxe5 Nd7 {[%emt 0:00:04] [#] Black is weak on the dark squares} 14. Nb5 $1 {[%emt 0:00:08][%mdl 64] And now Nc7+ would win. Pin} Rc8 {[%emt 0:00:18] Against Nc7+} 15. Nd4 {[%emt 0:00:03] White is more active.} Be4 16. e6 Nc5 (16... fxe6 $14 17. Nxe6 (17. f3 e5 $11) 17... Rc6 18. Nxf8 Rxf8) 17. exf7+ Kxf7 18. b4 Nd3+ 19. Bxd3 Bxd3 20. Nf3 ({White should try} 20. Kd2 Bg6 21. Bf4) 20... Bb5 21. Kd2 e6 22. Ng5+ Kf6 23. f4 Bd6 24. Rae1 Rc4 25. g3 {[%emt 0:00:34] Strongly threatening b3.} (25. h4 $5 ) 25... Rhc8 (25... e5 $14) 26. b3 (26. Nxh7+ $6 Kf5 $14) (26. Bc5 $1 $18 {is more deadly.} Bxc5 27. Rxe6+ (27. bxc5 Bd7 $14) 27... Kf5 28. bxc5) 26... R4c6 $16 27. Bd4+ (27. Nxh7+ $2 Kg6 28. Ng5 Rxc3 $19) (27. Nf3 {simplifies} Kf7 28. Rc1 R6c7 29. Ng5+) 27... e5 {[%emt 0:00:01][%mdl 64] Deflection} 28. fxe5+ (28. Bxe5+ $2 {too greedy.} Bxe5 29. Rxe5 Rxc3 30. Re6+ Kf5 31. Re5+ Kg4 $19) (28. Nxh7+ $2 Kg6 29. fxe5 Be7 $19) 28... Kxg5 29. exd6 Rxd6 30. Bxg7 Rd7 (30... Re8 $142) 31. Bd4 {[%emt 0:00:24] Black must now prevent Re5+.} Rf8 32. Re5+ Kg4 $2 {[%emt 0:00:23][%mdl 8192] [#]} (32... Rf5 $16) 33. h3+ $1 $18 Kxg3 34. Rg1+ Kh2 35. Reg5 {[%emt 0:00:08] Be5+ would kill now.} Re7 36. R5g2+ ({Weaker is} 36. Rxd5 Re2+ 37. Kc1 h6 $11) 36... Kxh3 37. Bc5 {[%emt 0:00:01] Threatening mate with Rg3+.} Rfe8 38. Bxe7 Rxe7 {[%emt 0:00:00][%mdl 4096] Endgame KRR-KRB} 39. Rg3+ Kh2 40. R1g2+ Kh1 41. Rg7 {[%emt 0:00:03] White is clearly winning.} Re4 42. R2g5 {[%emt 0:00:13] Repels h5} (42. Rxh7+ $2 {is the wrong capture.} Kxg2 43. Rh5 Bc6 $19) 42... Re2+ 43. Kc1 Re1+ 44. Kb2 Re2+ 45. Ka3 {[%emt 0:00:01] Weighted Error Value: White=0.13 (very precise) /Black=0.40} 1-0

[Event "CCT Airthings Masters Play-In 2023"]
[Site "Online"]
[Date "2023.02.03"]
[Round "5"]
[White "Duhless"]
[Black "Msb2"]
[Result "1/2-1/2"]
[ECO "E01"]
[WhiteElo "2675"]
[BlackElo "2627"]
[Annotator "TA"]
[PlyCount "63"]
[EventDate "2023.02.03"]
[EventType "swiss"]
[EventCountry "NET"]
[SourceTitle "playchess.com"]
[Source "ChessBase"]
[SourceQuality "1"]
[TimeControl "600+2"]

1. d4 d5 2. c4 e6 3. Nf3 Nf6 4. g3 Nc6 5. Bg2 Bd6 6. O-O O-O $1 {[%emt 0:00:02] 6...0-0 is better than 6...dxc4. E01: Catalan: Early deviations.} 7. a3 {[%emt 0:01:57] [#]} dxc4 $146 ({Predecessor:} 7... Re8 8. c5 Be7 9. b4 Ne4 10. Bb2 b6 11. Qa4 Qd7 12. Rc1 Bf6 13. Qc2 bxc5 14. Ne5 Nxe5 15. dxe5 {½-½ Zidu,J (2579)-Bloemacher,W (2406) Remote S7 Top 57 email 2011}) 8. Nbd2 $1 Na5 9. Qa4 {[%emt 0:01:00] Wards off b5} c5 10. Nxc4 (10. dxc5 {seems wilder.} b5 11. Qc2 Be7 12. Ne5) 10... Nxc4 11. Qxc4 cxd4 12. Qxd4 Qe7 13. Bf4 {[%emt 0:01:35] White is more active.} (13. Rd1 $5 Bc5 14. Qh4 $14) 13... Bxf4 14. Qxf4 Bd7 15. Ne5 Bb5 16. Rfe1 Nd5 17. Bxd5 exd5 18. Nf3 Rac8 19. Nd4 Bd7 20. Rac1 Rc4 (20... Qe4 $11 {keeps the balance.}) 21. Rxc4 $16 dxc4 22. Qc7 Qf6 23. Qxd7 Rd8 24. Qxb7 Qxd4 {[%emt 0:00:01][%mdl 4096] Endgame KQR-KQR} 25. Rc1 h5 26. h4 Re8 27. e3 (27. Qf3 $16) 27... Rxe3 $1 $11 {[%emt 0:00:06] The position is equal.} 28. Qc8+ (28. fxe3 Qxe3+ 29. Kg2 Qxc1 $17) 28... Kh7 29. Qf5+ ({But not} 29. fxe3 Qxe3+ 30. Kg2 Qxc1 31. Qf5+ Kh6 $17) 29... Kg8 30. Qc8+ ({Reject} 30. fxe3 Qxe3+ 31. Kg2 Qxc1 32. Qc8+ Kh7 33. Qf5+ Kh6 $17) 30... Kh7 31. Qf5+ (31. fxe3 Qxe3+ 32. Kg2 Qxc1 33. Qf5+ Kh6 $17) 31... Kg8 32. Qc8+ {[%emt 0:00:09] Weighted Error Value: White=0.10 (very precise) /Black=0.11 (very precise)} ({Don't play} 32. fxe3 Qxe3+ 33. Kg2 Qxc1 $17) 1/2-1/2